 Dungeon Crawl Stone Soup version 0.17.0-56-gd8de76c (webtiles) character file.

605 Peloso the Shield-Bearer (level 7, -18/61 HPs)
             Began as a Minotaur Fighter on Dec 5, 2015.
             Demolished by an ogre
             ... wielding a +0 giant spiked club
              (24 damage)
             ... on level 4 of the Dungeon.
             The game lasted 00:11:17 (2640 turns).

Peloso the Shield-Bearer (Minotaur Fighter)         Turns: 2640, Time: 00:11:17

Health: -18/61     AC: 12    Str: 21    XL:     7   Next: 19%
Magic:  6/6        EV:  5    Int:  5    God:
Gold:   101        SH: 10    Dex: 11    Spells: 0 memorised, 6 levels left

rFire  . . .     SeeInvis .     n - +3 trident
rCold  . . .     Clarity  .     E - +0 plate armour
rNeg   . . .     SustAt   .     c - +0 shield
rPois  .         Gourm    .     (helmet restricted)
rElec  .         Spirit   .     (no cloak)
rCorr  .         Warding  .     (no gloves)
rMut   .         Rnd*Tele +     (no boots)
MR     .....                    u - amulet of faith
Stlth  ..........               (no ring)
                                x - ring of teleportation (curse)

@: not resistant to hostile enchantments, extremely unstealthy
A: retaliatory headbutt, horns 2
a: Evoke Teleportation


You were on level 4 of the Dungeon.
You were not hungry.

You visited 1 branch of the dungeon, and saw 4 of its levels.

You collected 101 gold pieces.

Inventory:

Hand Weapons
 a - a +0 long sword
 n - a +3 trident (weapon)
Armour
 b - a +0 scale mail
 c - a +0 shield (worn)
 E - a +0 plate armour (worn)
Jewellery
 u - an amulet of faith (around neck)
 v - an uncursed amulet of clarity
 x - a cursed ring of teleportation (left hand)
Scrolls
 f - a scroll of teleportation {unknown}
 g - a scroll of immolation {unknown}
 h - a scroll of random uselessness {unknown}
 i - 3 scrolls of magic mapping {unknown}
 k - 3 scrolls of identify {unknown}
 l - 3 scrolls of remove curse {unknown}
 q - a scroll of enchant weapon {unknown}
 r - a scroll of noise {unknown}
 y - a scroll of blinking {unknown}
Potions
 d - a potion of might
 j - 3 potions of cure mutation {unknown}
 o - 2 potions of beneficial mutation {unknown}
 s - a potion of magic {unknown}
 t - a potion of heal wounds {unknown}
 z - a potion of brilliance {unknown}
 B - a potion of curing {unknown}
 D - a potion of mutation {unknown}
Comestibles
 e - 2 bread rations
 m - 3 beef jerkies
 p - 9 fruits
 w - a royal jelly
 A - 9 chunks of flesh
 C - a meat ration


   Skills:
 + Level 5.0 Fighting
 + Level 4.2 Long Blades
 + Level 5.3 Armour
 + Level 3.0 Dodging
 + Level 1.0 Stealth
 + Level 6.5 Shields


You had 6 spell levels left.
You didn't know any spells.

Dungeon Overview and Level Annotations

Branches:
Dungeon (4/15)
 Temple: D:4-7

Altars:
Gozag
Qazlal

Shops:
D:4 =?


Innate Abilities, Weirdness & Mutations

You reflexively headbutt those who attack you in melee.
You have a pair of horns on your head.


Message History

Your shield and plate armour prevent you from hitting the ogre.
The ogre is heavily wounded.
The ogre barely misses you.
Your shield and plate armour prevent you from hitting the ogre.
The ogre is heavily wounded.
You block the ogre's attack.
Some of the chunks of flesh in your inventory have rotted away.
You hit the ogre.
The ogre is severely wounded.
The ogre hits you with a giant spiked club!!
* * * LOW HITPOINT WARNING * * *
Your shield prevents you from hitting the ogre.
Your headbutt misses the ogre.
The ogre is severely wounded.
The ogre hits you with a giant spiked club!
* * * LOW HITPOINT WARNING * * *
Your plate armour prevents you from hitting the ogre.
The ogre is severely wounded.
The ogre hits you with a giant spiked club!!
You die...

... ..# ####.......#∩.∩##
#..#####.# #.#...#.#...#
#....#..<######..).##.#∩.∩#
#.##!.....)[.....#.....#..#
#.....)#######.#...##..#.##
#.##...# #.##.###....###
#...# ##.#.#.#........
#...######...###.........
#......O@.....#.#.....###
...>...######...#.###....#
# ..##.### .....#.# ##.#.#
# #. ##...# # #.#.# #
..>... #.#.# #.#.######.#.#
..#.....∩....#
#.########.##### #.....÷


You could see an ogre.

Vanquished Creatures
  Grinder (D:3)
  An orc wizard (D:4)
  Ijyb (D:2)
  A centaur skeleton (D:4)
  2 hounds
  3 orc priests
  Terence (D:3)
  Natasha (twice) (D:3)
  3 adders
  3 giant geckos
  15 orcs
  11 bats
  A giant cockroach (D:4)
  4 goblins
  4 hobgoblins
  6 jackals
  A quokka (D:3)
  2 ball pythons
  4 giant newts
  8 kobolds
  9 rats
83 creatures vanquished.

Notes
Turn   | Place    | Note
--------------------------------------------------------------
     0 | D:1      | Peloso the Minotaur Fighter began the quest for the Orb.
     0 | D:1      | Reached XP level 1. HP: 19/19 MP: 0/0
   173 | D:1      | Reached XP level 2. HP: 22/27 MP: 1/1
   228 | D:1      | Reached skill level 4 in Shields
   758 | D:2      | Noticed Ijyb
   775 | D:2      | Killed Ijyb
   775 | D:2      | Reached XP level 3. HP: 31/33 MP: 2/2
  1141 | D:2      | Reached XP level 4. HP: 38/41 MP: 3/3
  1286 | D:3      | Noticed Terence
  1297 | D:3      | Killed Terence
  1297 | D:3      | Reached skill level 5 in Shields
  1303 | D:3      | Reached skill level 1 in Dodging
  1325 | D:3      | Found an opulent altar of Gozag.
  1569 | D:3      | Reached XP level 5. HP: 47/47 MP: 4/4
  1731 | D:3      | Found a stormy altar of Qazlal.
  1841 | D:3      | Noticed Grinder
  1855 | D:3      | Killed Grinder
  1855 | D:3      | Reached skill level 6 in Shields
  1855 | D:3      | Reached XP level 6. HP: 41/53 MP: 5/5
  1865 | D:3      | Reached skill level 5 in Armour
  2109 | D:3      | Noticed Natasha
  2120 | D:3      | Killed Natasha
  2279 | D:3      | Noticed Natasha
  2281 | D:3      | Killed Natasha
  2449 | D:4      | Reached skill level 1 in Stealth
  2474 | D:4      | Reached XP level 7. HP: 49/60 MP: 6/6
  2512 | D:4      | Found Zapsitsa's Jewellery Emporium.
  2530 | D:4      | Found Uloppate's Magic Scroll Shop.
  2588 | D:4      | Reached skill level 5 in Fighting
  2640 | D:4      | Demolished by an ogre

Action                   |  1- 3 |  4- 6 |  7- 9 || total
-------------------------+-------+-------+-------++-------
Melee: Long sword        |    87 |   116 |    17 ||   220
       Trident           |       |       |     7 ||     7
  Eat: Chunk             |       |     5 |     1 ||     6
